 Dungeon Crawl Stone Soup version 0.28.0-49-g6dfe1f597d (webtiles) character file.

Game seed: 6080359360656620198

4608 nickcage the Carver (level 10, 0/70 HPs)
             Began as a Demonspawn Abyssal Knight on May 17, 2022.
             Was a High Priest of Lugonu.
             Killed from afar by an acid dragon (9 damage)
             ... with a splash of acid
             ... on level 8 of the Dungeon.
             The game lasted 00:21:26 (10060 turns).

nickcage the Carver (Demonspawn Abyssal Knight)    Turns: 10060, Time: 00:21:26

Health: 0/70       AC:  6    Str: 18    XL:     10   Next: 19%
Magic:  20/20      EV:  6    Int: 11    God:    Lugonu [*****.]
Gold:   310        SH:  9    Dex: 14    Spells: 9/9 levels left

rFire   . . .      SeeInvis +   a - +1 falchion (spect)
rCold   . . .      Faith    .   w - +0 buckler "Taen" {MP+9}
rNeg    + . .      Spirit   .   h - +0 chain mail
rPois   .          Reflect  +   (helmet restricted)
rElec   .          Harm     .   (no cloak)
rCorr   .          Rampage  .   d - +1 pair of gloves
Will    .....                   (no boots)
Stlth   ..........              e - amulet of reflection
HPRegen 0.21/turn               y - ring of positive energy
MPRegen 0.17/turn               s - ring of see invisible

@: corroded
A: antennae 1, hooves 2, spiny 1, demonic magic 1, weakness stinger 1
a: Renounce Religion, Depart the Abyss, Bend Space, Banish, Corrupt, Enter the
Abyss


You were on level 8 of the Dungeon.
You worshipped Lugonu.
Lugonu was extremely pleased with you.
You visited 1 branch of the dungeon, and saw 8 of its levels.
You visited the Abyss 1 time.
You also visited: Ossuary.

You collected 310 gold pieces.

Inventory:

Hand Weapons
 a - a +1 spectral falchion (weapon)
 l - a +2 morningstar of freezing
 n - a +5 flail
 F - a +0 long sword
Missiles
 b - a boomerang (quivered)
 D - 7 poisoned darts
 E - 2 throwing nets
Armour
 c - a +0 ring mail
 d - a +1 pair of gloves (worn)
 f - a +0 scale mail
 h - a +0 chain mail (worn)
 w - the +0 buckler "Taen" (worn) {MP+9}
   (You found it on level 7 of the Dungeon)

   MP:        It affects your magic capacity (+9).
Jewellery
 e - an amulet of reflection (around neck)
 s - a ring of see invisible (right hand)
 y - a ring of positive energy (left hand)
Wands
 r - a wand of flame (7)
Scrolls
 i - 5 scrolls of teleportation
 k - a scroll of identify
 q - 6 scrolls of noise
 u - a scroll of fear
 x - a scroll of enchant armour
 C - a scroll of silence
Potions
 g - 2 potions of ambrosia
 j - 7 potions of curing
 m - a potion of cancellation
 p - a potion of berserk rage
 t - a potion of mutation {unknown}
 v - a potion of might
 z - 2 potions of lignification
 A - 2 potions of invisibility {unknown}
 B - a potion of heal wounds {unknown}
Miscellaneous
 o - a box of beasts


   Skills:
 - Level 3.0 Fighting
 + Level 13.5 Long Blades
 - Level 1.0 Throwing
 - Level 1.7 Armour
 - Level 0.8 Dodging
 - Level 1.1 Shields
 - Level 2.4 Invocations


You had 9 spell levels left.
You didn't know any spells.
Your spell library contained the following spells:

 Spells                   Type           Power      Damage    Failure   Level
 Hailstorm                Conj/Ice       0%         3d3       100%        4
 Ice Form                 Ice/Tmut       0%         N/A       100%        4
 Simulacrum               Ice/Necr       0%         N/A       100%        6


Dungeon Overview and Level Annotations

Branches:
Dungeon (8/15)             Temple (0/1) D:6         Ossuary (visited)
   Lair: D:8-11

Altars:
Cheibriados
Elyvilon
Fedhas
Nemelex Xobeh
Okawaru
Trog
The Shining One

Shops:
D:1 [

Annotations:
D:3 2 transporters
D:7 1 runed translucent door, issech's ghost, novice TrMo


Innate Abilities, Weirdness & Mutations

You have a pair of small antennae on your head.
You have hoof-like feet.
You are partially covered in sharp spines.
Spells you cast may paralyse adjacent enemies.
You have a small tail.


Message History

An orc warrior comes into view. It is wielding a +0 dire flail.
An orc wizard comes into view. It is wielding a +0 dagger.
The hornet zombie is struck by your spines.
The hornet zombie hits you.
The water moccasin is struck by your spines.
The water moccasin bites you.
You barely miss the orc wizard. Your kick misses the orc wizard.
You tail-slap the orc wizard, but do no damage.
The orc wizard is severely wounded.
Your +1 spectral falchion hits the orc wizard!
You kill the orc wizard!
Lugonu accepts your kill.
You hit the hornet zombie. You kick the hornet zombie.
You tail-slap the hornet zombie, but do no damage.
The hornet zombie is lightly damaged.
Your +1 spectral falchion hits the hornet zombie!
The hornet zombie hits you. You block the water moccasin's attack.
The howler monkey hoots and howls with incredible vigour!
An acid dragon comes into view.
You hear a loud, deep croak!
You hear a shout!
You hear a bellow! x2
You hear an angry hiss. x2; You hear a shout!
You block the hornet zombie's attack. x2
The water moccasin bites you but does no damage.
You see here a +0 hand crossbow.
The howler monkey is struck by your spines.
The howler monkey barely misses you.
An orc wizard comes into view. It is wielding a +0 dagger.
The howler monkey hits you.
The orc wizard gestures wildly while chanting.
The orc wizard flickers and vanishes for a moment.
You block the killer bee's attack.
The orc warrior is struck by your spines.
The orc warrior hits you with a +0 dire flail!
* * * LOW HITPOINT WARNING * * *
You block the killer bee's attack. The killer bee stings you.
* * * LOW HITPOINT WARNING * * *
The acid dragon spits acid at you. The splash of acid hits you!
You die...

#..........[.....
####...o........## #.#
##.....).z......... #.#
#.......))......... #.#
........h...o...... #.#.
.......{#Z..)#)... #.#.
........#So)$# ... #..
........#yD..# {#.##
#......##@#.### ##... #.
##....##......##{ {##..##
#..######...#.#..######.....
#.........>#.#.........###.
#####.#....#......#..#.# .
#.#.##.#...##)#....#
#.#....#.#.†..#.......
#.########..#)#.##....#
#.###########.#######.#


You could see an orc warrior, a water moccasin, an acid dragon (catching
breath), a howler monkey, a killer bee, a wight, 2 orc wizards and a hornet
zombie.

Vanquished Creatures
  Prince Ribbit (D:5)
  A steam dragon (D:7)
  2 water moccasins
  An acid dragon (D:8)
  2 hornet zombies (Ossuary)
  2 orc warriors (D:6)
  3 sky beasts
  A black bear (D:5)
  5 necrophages
  A centaur (D:8)
  3 phantoms (D:5)
  A kobold brigand (D:8)
  A bullfrog (D:7)
  2 elf skeletons (D:5)
  A wyvern zombie (Ossuary)
  4 scorpions
  A water moccasin zombie (Ossuary)
  A water moccasin skeleton (D:5)
  4 wights
  9 bullfrog zombies
  A gnoll shaman (D:7)
  9 centaur zombies
  2 jellies
  A hound (D:5)
  A human zombie (D:5)
  An orc priest (D:4)
  A centaur skeleton (D:4)
  3 human skeletons (D:5)
  3 iguanas
  3 orc wizards
  5 killer bee zombies
  11 mummies (Ossuary)
  2 howler monkey zombies
  Robin (D:4)
  A howler monkey skeleton (D:7)
  8 gnolls
  7 adders
  A shadow imp (D:7)
  2 white imps
  7 worms
  3 dart slugs
  17 orcs
  14 ball pythons
  8 endoplasms
  7 giant cockroaches
  12 goblins
  10 hobgoblins
  4 jackals (D:2)
  3 quokkas
  5 bats
  4 frilled lizards
  7 kobolds
  6 rats
216 creatures vanquished.

Vanquished Creatures (others)
  A bullfrog skeleton (D:7)
  3 bushes
  A fungus (D:8)
  27 plants
  5 withered plants (Ossuary)
37 creatures vanquished.

Grand Total: 253 creatures vanquished

Notes
Turn   | Place    | Note
-------+----------+-------------------------------------------
     0 | Abyss:1  | nickcage the Demonspawn Abyssal Knight began the quest for
                  | the Orb.
     0 | Abyss:1  | Reached XP level 1. HP: 18/18 MP: 2/2
     0 | D:1      | Escaped the Abyss
    56 | D:1      | Reached skill level 2 in Long Blades
   456 | D:1      | Gained mutation: Spells you cast may paralyse adjacent
                  | enemies. [demonic ancestry]
   456 | D:1      | Reached XP level 2. HP: 21/24 MP: 3/3
   511 | D:1      | Reached * piety under Lugonu
   635 | D:1      | Found Icrar's Armour Boutique.
   643 | D:1      | Reached skill level 3 in Long Blades
   865 | D:1      | Discovered your monstrous ancestry.
   865 | D:1      | Gained mutation: You have a small tail. [demonic ancestry]
   865 | D:1      | Reached XP level 3. HP: 29/29 MP: 4/4
   914 | D:1      | Found a faded altar of an unknown god.
  1144 | D:1      | Reached ** piety under Lugonu
  1605 | D:2      | Gained mutation: You are partially covered in sharp spines.
                  | [demonic ancestry]
  1605 | D:2      | Reached XP level 4. HP: 18/35 MP: 5/5
  1607 | D:2      | Reached skill level 4 in Long Blades
  2208 | D:3      | Found a transporter.
  2339 | D:3      | Found a snail-covered altar of Cheibriados.
  2468 | D:3      | Found a transporter.
  2606 | D:3      | Gained mutation: You have large cloven feet. [demonic
                  | ancestry]
  2606 | D:3      | Reached XP level 5. HP: 41/41 MP: 6/6
  2778 | D:4      | Noticed Robin
  2789 | D:4      | Killed Robin
  2794 | D:4      | Reached *** piety under Lugonu
  2795 | D:4      | Reached skill level 5 in Long Blades
  2964 | D:4      | Reached skill level 6 in Long Blades
  2964 | D:4      | Reached XP level 6. HP: 24/47 MP: 7/7
  3766 | D:4      | Found a bloodstained altar of Trog.
  3767 | D:4      | Found an iron altar of Okawaru.
  3940 | D:4      | Reached skill level 7 in Long Blades
  4064 | D:5      | Entered Level 5 of the Dungeon
  4069 | D:5      | Noticed a sky beast
  4071 | D:5      | Noticed a sky beast
  4091 | D:4      | Killed a sky beast
  4092 | D:4      | Gained mutation: You have a pair of small antennae on your
                  | head. [demonic ancestry]
  4092 | D:4      | Reached XP level 7. HP: 26/52 MP: 8/8
  4372 | D:5      | Reached skill level 8 in Long Blades
  4389 | D:5      | Found a sand-covered staircase.
  4400 | Ossuary  | Entered an ossuary
  4423 | Ossuary  | Reached **** piety under Lugonu
  4459 | Ossuary  | Gained mutation: You have hoof-like feet. [demonic
                  | ancestry]
  4459 | Ossuary  | Reached XP level 8. HP: 21/58 MP: 9/9
  4527 | Ossuary  | Reached skill level 9 in Long Blades
  4638 | Ossuary  | Reached skill level 1 in Shields
  4899 | Ossuary  | Reached skill level 10 in Long Blades
  5549 | D:5      | Reached XP level 9. HP: 63/63 MP: 10/10
  5584 | D:5      | Noticed Prince Ribbit
  5588 | D:5      | Killed Prince Ribbit
  5589 | D:5      | Reached skill level 11 in Long Blades
  7459 | D:6      | Reached skill level 12 in Long Blades
  7697 | D:6      | Reached ***** piety under Lugonu
  7701 | D:6      | Found a staircase to the Ecumenical Temple.
  7730 | D:6      | Found a blossoming altar of Fedhas.
  7756 | D:6      | Reached skill level 1 in Throwing
  8729 | D:7      | Identified the +0 buckler "Taen" {MP+9}
  8897 | D:7      | HP: 1/63 [steam dragon/ball of steam (18)]
  8899 | D:7      | Reached skill level 13 in Long Blades
  8903 | D:7      | HP: 3/63 [bullfrog (2)]
  8908 | D:7      | Reached XP level 10. HP: 4/70 MP: 11/11
  9410 | D:7      | Found a sparkling altar of Nemelex Xobeh.
  9487 | D:7      | Noticed issech's ghost (novice TrMo)
  9490 | D:7      | Found a runed translucent door.
 10060 | D:8      | Killed from afar by an acid dragon

Illustrated notes

Levels and vault maps discovered:
D:1:      onia_arrival_handbag, layout_basic, serial_shops, shop_statue,
          hellmonk_ecumenical_altar_blasted, minmay_misc_feat_tower,
          chequers_serial_rivers_marsh
D:2:      layout_basic, nicolae_elevator_lobby_asterisk
D:3:      gammafunk_wand_slinger, layout_basic,
          mainiacjoe_overflow_small_starburst, nicolae_figureground_pulse
D:4:      nicolae_cairo_tiling, layout_loops_ring,
          grunt_temple_overflow_bloody_war, mainiacjoe_overflow_paths,
          serial_bayou_pond_e, kennysheep_decorative_pillar, minmay_checkerbox,
          uniq_robin
D:5:      layout_rooms, nicolae_ossuary_entry_catacombs, st_stairs_1,
          grunt_ministairs_6, nicolae_wormholes, uniq_prince_ribbit1
D:6:      layout_loops_ring, nicolae_elyvilon_temple_path,
          fedhas_altar_decomposition, minmay_temple_entry_junction,
          kennysheep_generic_room_10
D:7:      layout_cave_pods, marbit_many_paths, hellmonk_ghost_happy_afterlife
D:8:      minmay_four_partial_circles, layout_basic,
          cheibrodos_ashenzari_chains, lemuel_crystal_altar,
          minmay_lair_entry_grove, uniq_maurice, uniq_gastronok, uniq_psyche,
          uniq_pikel

Skill      XL: |  1  2  3  4  5  6  7  8  9 |
---------------+----------------------------+-----
Long Blades    | 2 3 4 6 7 8 10 13 | 13.5
Shields        | 1 |  1.1
Throwing       | 1 |  1.0
Fighting       | |  3.0
Armour         | |  1.7
Dodging        | |  0.8
Invocations    | |  2.4

Action                   |  1- 3 |  4- 6 |  7- 9 | 10-12 || total
-------------------------+-------+-------+-------+-------++-------
Melee: Falchion          |   126 |   128 |   399 |    45 ||   698
       Tailslap          |     6 |     7 |    59 |     6 ||    78
       Punch             |     1 |     1 |     8 |       ||    10
       Kick              |       |    32 |   144 |    21 ||   197
Throw: Boomerang         |       |       |    21 |     3 ||    24
Invok: Depart the Abyss  |     1 |       |       |       ||     1
       Bend Space        |     1 |       |       |       ||     1
  Use: Scroll            |       |     2 |     9 |     4 ||    15
       Potion            |       |       |     1 |       ||     1
 Stab: Distracted        |       |       |     1 |       ||     1
Armor: Ring mail         |    52 |    39 |    53 |       ||   144
       Chain mail        |       |       |    35 |    10 ||    45
Dodge: Dodged            |    70 |    51 |    90 |     9 ||   220
Block: Other             |       |       |    58 |       ||    58
       Buckler           |       |       |    10 |    20 ||    30
       Reflection        |       |       |       |     2 ||     2
